 Dungeon Crawl Stone Soup version 0.32-a0-520-g344ed53f66 (webtiles) character file.

Game seed: 3752958977981701845

34690 Newt the Fighter (level 13, -2/91 HPs)
             Began as a Gargoyle Gladiator on Feb 26, 2024.
             Was an Elder of Makhleb.
             Slain by a seven-headed hydra (11 damage)
             ... on level 14 of the Dungeon on Feb 27, 2024.
             The game lasted 00:18:59 (16994 turns).

Newt the Fighter (Gargoyle Gladiator)              Turns: 16994, Time: 00:18:59

Health: -2/91      AC: 30    Str: 21    XL:     13   Next: 79%
Magic:  13/13      EV: 11    Int: 11    God:    Makhleb [****..]
Gold:   2428       SH:  7    Dex: 11    Spells: 12/12 levels left

rFire   + + .        S - +5 flail (elec)
rCold   + . .        w - +2 buckler
rNeg    + + .        P - +1 ring mail {rF+}
rPois   ∞            c - +0 helmet
rElec   +            W - +2 cloak
rCorr   .            l - +0 pair of gloves
SInv    .            n - +0 pair of boots
Will    +....        (no amulet)
Stlth   +            U - ring "Diliopn" {rF+ rC+ rN+ AC+4}
HPRegen 0.35/turn    I - ring of willpower
MPRegen 0.13/turn

%: no passive effects
@: studying Evocations
A: sickness immunity, AC +9, negative energy resistance 1, electricity
resistance, torment resistance 1, petrification resistance, evolution 1,
MP-powered wands
a: Renounce Religion, Minor Destruction, Lesser Servant of Makhleb, Major
Destruction


You were on level 14 of the Dungeon.
You worshipped Makhleb.
Makhleb was greatly pleased with you.
You visited 2 branches of the dungeon, and saw 15 of its levels.

You collected 2779 gold pieces.
You spent 351 gold pieces at shops.

Inventory:

Hand Weapons
 a - a +0 flail
 o - a +1 whip of venom
 E - a +2 heavy mace
 F - a +3 morningstar of freezing
 S - a +5 flail of electrocution (weapon)
Missiles
 d - 3 throwing nets
 e - 13 javelins
 m - 21 poisoned darts (quivered)
 v - 4 boomerangs
Armour
 b - a +0 leather armour
 c - a +0 helmet (worn)
 l - a +0 pair of gloves (worn)
 n - a +0 pair of boots (worn)
 w - a +2 buckler (worn)
 y - a +1 leather armour of positive energy
 P - a +1 ring mail of fire resistance (worn)
 W - a +2 cloak (worn)
Jewellery
 j - a +6 ring of dexterity
 t - a ring of protection from cold
 z - a +4 ring of protection
 I - a ring of willpower (right hand)
 N - a ring of wizardry
 U - the ring "Diliopn" (left hand) {rF+ rC+ rN+ AC+4}
   (You found it on level 10 of the Dungeon)

   [ring of protection]

   AC+4:      It affects your AC (+4).
   rF+:       It protects you from fire.
   rC+:       It protects you from cold.
   rN+:       It protects you from negative energy.
 Y - a ring of flight
Wands
 A - a wand of digging (9)
 G - a wand of roots (10)
 H - a wand of flame (14)
 Q - a wand of charming (16)
Scrolls
 g - a scroll of amnesia
 i - a scroll of fear {unknown}
 p - 3 scrolls of noise
 q - 2 scrolls of enchant armour
 s - a scroll of identify
 u - a scroll of revelation
 C - 2 scrolls of fog
 M - 2 scrolls of vulnerability
 O - 2 scrolls of teleportation
 R - a scroll of blinking {unknown}
Potions
 f - 4 potions of degeneration
 h - 6 potions of mutation
 k - 4 potions of enlightenment
 r - a potion of haste
 x - a potion of attraction
 B - a potion of resistance {unknown}
 D - a potion of brilliance {unknown}
 J - a potion of magic {unknown}
 K - a potion of invisibility {unknown}
 L - 2 potions of lignification {unknown}
 T - a potion of berserk rage {unknown}
 V - 4 potions of might {unknown}
 X - 2 potions of heal wounds {unknown}


   Skills:
 + Level 14.9 Fighting
 * Level 13.3 Maces & Flails
 - Level 1.7 Throwing
 - Level 12.0 Armour
 - Level 2.4 Dodging
 - Level 7.0 Shields
 - Level 5.0 Evocations


You had 12 spell levels left.
You didn't know any spells.
Your spell library contained the following spells:

 Spells                   Type           Power      Damage    Failure   Level
 Apportation              Tloc           0%         N/A       52%         1
 Necrotise                Necr           0%         1d4       52%         1
 Sting                    Conj/Alch      0%         1d3       52%         1
 Summon Small Mammal      Summ           0%         N/A       52%         1
 Call Imp                 Summ           0%         N/A       67%         2
 Ignite Poison            Fire/Alch      0%         N/A       99%         4
 Sticky Flame             Fire/Alch      0%         2d4       99%         4
 Freezing Cloud           Conj/Ice/Air   0%         6-21      100%        5
 Iskenderun's Battlesphe  Conj           0%         2d6       100%        5
 Bombard                  Conj/Erth      0%         9d1       100%        6
 Spellforged Servitor     Conj/Summ      0%         N/A       100%        7
 Summon Hydra             Summ           0%         N/A       100%        7
 Ignition                 Fire           0%         3d3       100%        8
 Cigotuvi's Dreadful Rot  Necr/Alch/Air  Unusable   N/A       N/A         2
 Sublimation of Blood     Necr           Unusable   N/A       N/A         2

Dungeon Overview and Level Annotations

Branches:
Dungeon (14/15)            Temple (1/1) D:6            Lair (0/5) D:9
    Orc (0/2) D:11         Vaults (0/5) D:14

Altars:
Ashenzari
Cheibriados
Dithmenos
Elyvilon
Fedhas
Gozag
Hepliaklqana
Kikubaaqudgha
Makhleb
Nemelex Xobeh
Okawaru
Qazlal
Ru
Sif Muna
Trog
Uskayaw
Vehumet
Wu Jian
Xom
Yredelemnul
Zin
The Shining One
Beogh

Shops:
D:3 *   D:4 (   D:13 :

Annotations:
D:3 3 runed translucent doors, 2 transporters, tinescath's ghost, amateur TeAE
D:4 3 runed translucent doors, jestert79's ghost, amateur MDFi; ranchalot's ghost, novice OpSh


Innate Abilities, Weirdness & Mutations

You are immune to sickness and miasma.
Your stone body is resilient. (AC +9)
You are immune to poison.
You resist negative energy. (rN+)
You are resistant to electric shocks. (rElec)
You are resistant to unholy torment.
You are immune to petrification.
You have hidden genetic potential.
You expend magic power (3 MP) to strengthen your wands.


Message History

The seven-headed hydra is moderately wounded.
The seven-headed hydra bites you!
The seven-headed hydra bites you but does no damage. x4
You block the seven-headed hydra's attack.
The seven-headed hydra closely misses you.
Unknown command.
You sock the seven-headed hydra!
The seven-headed hydra is heavily wounded.
Unknown command.
You sock the seven-headed hydra!
The seven-headed hydra is severely wounded.
You block the seven-headed hydra's attack.
The seven-headed hydra barely misses you.
The seven-headed hydra bites you.
You block the seven-headed hydra's attack.
The seven-headed hydra bites you!
The seven-headed hydra bites you but does no damage.
The seven-headed hydra bites you.
You barely miss the seven-headed hydra.
The seven-headed hydra is severely wounded.
The seven-headed hydra bites you but does no damage.
The seven-headed hydra barely misses you.
You block the seven-headed hydra's attack.
The seven-headed hydra closely misses you.
The seven-headed hydra bites you.
* * * LOW HITPOINT WARNING * * *
The seven-headed hydra bites you!
* * * LOW HITPOINT WARNING * * *
You block the seven-headed hydra's attack.
You barely miss the seven-headed hydra.
The seven-headed hydra is severely wounded.
The seven-headed hydra bites you!
* * * LOW HITPOINT WARNING * * *
The seven-headed hydra closely misses you.
The seven-headed hydra barely misses you.
The seven-headed hydra bites you but does no damage.
The seven-headed hydra barely misses you.
The seven-headed hydra bites you but does no damage.
The seven-headed hydra bites you!
You die...

....## ##....###....#..##..#.^
....# ##.....##.....#..###....
....## ##.......#)....#..###....
.....####......##..##..#..####...
..................###.....#######
########...#####..# ##...## #####
#..# #..## #..# #### #@.#
#...D....# #........#.#
......!#..# # # .......#... ##
......###... .# ##....#>#.... .#
##..##.##...# .# #...#


You could see a seven-headed hydra.

Vanquished Creatures
  Jorgrun (D:13)
  A storm dragon (D:14)
  Erolcha (D:12)
  2 hydras (D:13)
  Harold (D:9)
  3 two-headed ogres
  5 centaur warriors
  2 dancing weapons (D:14)
  A deep troll earth mage (D:14)
  Urug (D:11)
  Nergalle (D:11)
  7 ugly things
  4 cyclopes
  5 deep elf pyromancers
  A manticore (D:14)
  Maurice (D:10)
  2 gargoyles
  A freezing wraith (D:14)
  2 efreet (D:13)
  2 unseen horrors
  2 kobold demonologists
  A tengu conjurer (D:13)
  6 trolls
  Grinder (D:4)
  3 hornets
  9 slime creatures (D:13)
  Sigmund (D:4)
  2 shadows
  2 wraiths (D:13)
  17 yaks
  2 wyverns
  A steam dragon (D:7)
  5 vampire mosquitoes
  Menkaure (D:4)
  2 acid dragons
  3 water moccasins
  3 orc warriors
  An ice beast (D:7)
  2 wolves (D:9)
  2 ogres (D:6)
  8 centaurs
  2 phantoms (D:6)
  4 kobold brigands
  2 bullfrogs
  A gnoll sergeant (D:9)
  A scorpion (D:5)
  27 wights
  3 electric eels
  5 howler monkeys
  2 bombardier beetles
  7 hounds
  A jelly (D:4)
  4 orc priests
  3 iguanas
  An iguana (shapeshifter) (D:13)
  4 sleepcaps
  5 orc wizards
  10 adders
  2 white imps
  A ribbon worm (D:3)
  24 orcs
  9 endoplasms
  2 giant cockroaches
  4 goblins
  10 hobgoblins
  2 jackals (D:4)
  21 kobolds
  4 quokkas
  A ball python (D:3)
  6 bats
  5 frilled lizards
  3 rats
294 creatures vanquished.

Vanquished Creatures (collateral kills)
  A tengu conjurer (D:13)
1 creature vanquished.

Grand Total: 295 creatures vanquished

Notes
Turn   | Place    | Note
-------+----------+-------------------------------------------
     0 | D:1      | Newt the Gargoyle Gladiator began the quest for the Orb.
     0 | D:1      | Reached XP level 1. HP: 12/12 MP: 1/1
    73 | D:1      | Found a faded altar of an unknown god.
   323 | D:1      | Reached XP level 2. HP: 18/18 MP: 2/2
   950 | D:2      | Reached XP level 3. HP: 22/22 MP: 3/3
  1361 | D:2      | Reached skill level 3 in Fighting
  1552 | D:3      | Found Hirauth's General Store.
  1588 | D:3      | Noticed a water moccasin
  1604 | D:3      | Killed a water moccasin
  1605 | D:3      | Reached skill level 5 in Maces & Flails
  1605 | D:3      | Reached XP level 4. HP: 11/29 MP: 4/4
  1605 | D:3      | Reached XP level 5. HP: 13/33 MP: 5/5
  1772 | D:3      | Reached skill level 4 in Fighting
  1788 | D:3      | Found a runed translucent gate.
  1790 | D:3      | Found a runed translucent gate.
  1791 | D:3      | Found a runed translucent gate.
  1791 | D:3      | Noticed tinescath's ghost (amateur TeAE)
  1794 | D:3      | Identified the +4 spear of Shame {freeze, Int+4}
  1794 | D:3      | Identified the +0 scale mail "Noim" {rPois rF+ Str+4}
  1918 | D:3      | Found a transporter.
  1928 | D:3      | Found a white marble altar of Elyvilon.
  1931 | D:3      | Found a transporter.
  2443 | D:3      | Found a roughly hewn altar of Beogh.
  2514 | D:4      | Noticed Grinder
  2527 | D:4      | Paralysed by Grinder for 4 turns
  2528 | D:4      | Reached XP level 6. HP: 29/39 MP: 6/6
  2543 | D:4      | Killed Grinder
  2544 | D:4      | Reached XP level 7. HP: 35/44 MP: 7/7
  2611 | D:4      | Reached skill level 5 in Fighting
  2634 | D:4      | Found a sacrificial altar of Ru.
  2806 | D:4      | Found a shimmering altar of Xom.
  2854 | D:4      | Found Kuniwen's Antique Weapon Emporium.
  2859 | D:4      | Bought a runed mace for 162 gold pieces
  2873 | D:4      | Noticed Menkaure
  2882 | D:4      | Killed Menkaure
  3235 | D:4      | Noticed Sigmund
  3242 | D:5      | Entered Level 5 of the Dungeon
  3331 | D:4      | Killed Sigmund
  3332 | D:4      | Reached XP level 8. HP: 49/51 MP: 8/8
  3400 | D:4      | Reached skill level 6 in Fighting
  3484 | D:4      | Found a runed translucent gate.
  3484 | D:4      | Found a runed translucent gate.
  3484 | D:4      | Found a runed translucent gate.
  3485 | D:4      | Noticed jestert79's ghost (amateur MDFi)
  3485 | D:4      | Noticed ranchalot's ghost (novice OpSh)
  3663 | D:5      | Found a blossoming altar of Fedhas.
  3669 | D:5      | Identified 2 scrolls of acquirement
  3669 | D:5      | Acquired 575 gold pieces
  3671 | D:5      | Acquired 938 gold pieces
  3736 | D:4      | Bought a runed morningstar for 189 gold pieces
  4286 | D:6      | Found a glowing silver altar of Zin.
  4829 | D:6      | Reached skill level 7 in Fighting
  4829 | D:6      | Reached skill level 1 in Armour
  5406 | D:6      | Found a staircase to the Ecumenical Temple.
  5422 | D:6      | Reached XP level 9. HP: 57/57 MP: 9/9
  5428 | Temple   | Entered the Ecumenical Temple
  5442 | Temple   | Became a worshipper of Makhleb the Destroyer
  5987 | D:7      | Reached skill level 5 in Armour
  6036 | D:7      | Reached skill level 8 in Fighting
  6118 | D:7      | Noticed a hornet
  6128 | D:7      | Killed a hornet
  6978 | D:8      | Identified the +8 dagger of Uncertain Death {flame, rC+
                  | Will+}
  6988 | D:8      | Reached * piety under Makhleb
  7041 | D:8      | Reached skill level 1 in Shields
  7112 | D:8      | Noticed a hornet
  7120 | D:8      | Killed a hornet
  7121 | D:8      | Reached skill level 9 in Fighting
  7165 | D:8      | Reached XP level 10. HP: 46/66 MP: 10/10
  7477 | D:8      | Found a stormy altar of Qazlal.
  7483 | D:8      | Reached skill level 5 in Shields
  7510 | D:8      | Found a shimmering blue altar of Sif Muna.
  8108 | D:8      | Noticed a two-headed ogre
  8118 | D:8      | Killed a two-headed ogre
  8119 | D:8      | Reached skill level 10 in Fighting
  8452 | D:9      | Noticed a two-headed ogre
  8454 | D:9      | Reached skill level 1 in Evocations
  8456 | D:9      | Noticed Harold
  8462 | D:9      | Killed a two-headed ogre
  8472 | D:9      | Killed Harold
  8477 | D:9      | Reached ** piety under Makhleb
  8478 | D:9      | Reached XP level 11. HP: 69/73 MP: 11/11
  8820 | D:9      | Reached skill level 5 in Evocations
  8838 | D:9      | Found a staircase to the Lair.
  8862 | D:9      | Reached skill level 11 in Fighting
  9459 | D:9      | Found an iron altar of Okawaru.
  9493 | D:10     | Entered Level 10 of the Dungeon
  9639 | D:10     | Found a shadowy altar of Dithmenos.
  9666 | D:10     | Found the +8 trident of the Octopus King {venom, rElec
                  | rPois}
  9667 | D:10     | Identified the ring "Diliopn" {rF+ rC+ rN+ AC+4}
  9683 | D:10     | Found a radiant altar of Vehumet.
  9683 | D:10     | Found an ornate altar of the Wu Jian Council.
  9838 | D:10     | Reached skill level 10 in Maces & Flails
  9906 | D:10     | Noticed a two-headed ogre
  9916 | D:10     | Killed a two-headed ogre
 10400 | D:11     | Noticed Urug
 10420 | D:11     | Killed Urug
 10686 | D:11     | Reached skill level 12 in Fighting
 10687 | D:11     | Noticed Nergalle
 10698 | D:11     | Killed Nergalle
 10799 | D:11     | Reached XP level 12. HP: 81/81 MP: 12/12
 10820 | D:11     | Noticed Maurice
 10836 | D:11     | Something stole a +6 ring of dexterity
 11421 | D:10     | Maurice stole a +3 morningstar of freezing
 11424 | D:10     | Something stole 87 gold
 11425 | D:10     | Something stole 294 gold
 11431 | D:10     | Something stole 521 gold
 11432 | D:10     | Something stole 516 gold
 11776 | D:10     | Maurice stole 178 gold
 11785 | D:10     | Something stole 138 gold
 11956 | D:10     | Killed Maurice
 12091 | D:11     | Found a staircase to the Orcish Mines.
 12467 | D:11     | Gained mutation: You have sharp toenails. [potion of
                  | mutation]
 12467 | D:11     | Gained mutation: Your mind is acute. (Int +4, Str/Dex -1)
                  | [potion of mutation]
 12926 | D:12     | Noticed Erolcha
 12943 | D:12     | Killed Erolcha
 13519 | D:12     | Reached skill level 13 in Fighting
 14050 | D:13     | Reached *** piety under Makhleb
 14234 | D:13     | Noticed Jorgrun
 14245 | D:13     | HP: 3/84 [constriction (7)]
 14638 | D:13     | Killed Jorgrun
 14767 | D:13     | Acquired 458 gold pieces
 14840 | D:13     | Found Firuaj's Book Boutique.
 14840 | D:13     | Noticed a walking frostbound tome
 14840 | D:13     | Noticed a walking earthen tome
 14989 | D:13     | Noticed a centaur warrior
 15001 | D:13     | Noticed a four-headed hydra
 15004 | D:13     | Killed a centaur warrior
 15005 | D:13     | Reached XP level 13. HP: 65/89 MP: 13/13
 15020 | D:13     | Reached skill level 10 in Armour
 15039 | D:13     | Reached skill level 14 in Fighting
 15091 | D:13     | Upgraded the game from 0.32-a0-485-g70f7560b1c to
                  | 0.32-a0-520-g344ed53f66
 15451 | D:14     | Noticed a storm dragon
 15471 | D:14     | Killed a storm dragon
 16334 | D:14     | Found a gate to the Vaults.
 16354 | D:14     | Reached **** piety under Makhleb
 16717 | D:14     | Lost mutation: You have sharp toenails. [potion of
                  | mutation]
 16717 | D:14     | Lost mutation: Your mind is acute. (Int +4, Str/Dex -1)
                  | [potion of mutation]
 16717 | D:14     | Gained mutation: You passively dampen the noise of your
                  | surroundings. [potion of mutation]
 16718 | D:14     | Lost mutation: You passively dampen the noise of your
                  | surroundings. [potion of mutation]
 16718 | D:14     | Gained mutation: You have hidden genetic potential. [potion
                  | of mutation]
 16718 | D:14     | Gained mutation: You expend magic power (3 MP) to
                  | strengthen your wands. [potion of mutation]
 16994 | D:14     | Slain by a seven-headed hydra

Illustrated notes

Levels and vault maps discovered:
D:1:      dpeg_arrival_refuge, layout_loops_cross,
          chequers_ecumenical_altar_simple
D:2:      layout_basic
D:3:      layout_loops_ring, elyvilon_altar_4, biasface_ghost_orc_armoury,
          serial_shops, shop, st_stairs_5
D:4:      layout_cave_pools, nicolae_ru_the_path_less_chosen,
          kennysheep_little_box, serial_shops, nicolae_shop_overgrown_old_shop,
          gammafunk_ghost_cemetery, grunt_ministairs_1, uniq_sigmund,
          uniq_grinder, uniq_menkaure
D:5:      layout_basic, fedhas_altar_1
D:6:      layout_basic, zin_academy, minmay_temple_entry_crystal_x,
          hangedman_abyss_or_decor_stabs
D:7:      layout_loops_ring
D:8:      layout_layer_cave, overflow_temple_1_default,
          nicolae_overflow_crystal_walls, nrook_pool_corridor
D:9:      layout_irregular_city, mainiacjoe_overflow_alcove_1, erik_lair_island,
          kennysheep_potato, uniq_harold
D:10:     layout_roguey, nicolae_dithmenos_the_darkroom,
          nicolae_overflow_two_pavilions
D:11:     layout_cave_pods, orc_0_dummy, uniq_urug, uniq_nergalle, uniq_maurice
D:12:     layout_loops_ring, uniq_erolcha
D:13:     minmay_clustersquares, layout_irregular_city, serial_shops,
          nicolae_shop_mannequins, uniq_jorgrun
D:14:     minmay_diamond_stairs, layout_cave_pods, erik_vaults_1, serial_rivers,
          chequers_serial_rivers_micro_c, chequers_serial_rivers_room_b,
          chequers_serial_rivers_micro_d, chequers_serial_rivers_room_b,
          hangedman_glass_teeth
Temple:   jpeg_temple_clearing

Skill      XL: |  1  2  3  4  5  6  7  8  9 10 11 12 13 |
---------------+----------------------------------------+-----
Fighting       | 3 4 5 7 9 10 12 13 14 | 14.9
Maces & Flails | 5 6 7 9 11 12 13 | 13.3
Armour         | 3 7 9 12 | 12.0
Shields        | 3 7 |  7.0
Evocations     | 4 5 |  5.0
Throwing       | |  1.7
Dodging        | |  2.4

Action                     |  1- 3 |  4- 6 |  7- 9 | 10-12 | 13-15 || total
---------------------------+-------+-------+-------+-------+-------++-------
  Melee: Flail             |    25 |       |    23 |   642 |   255 ||   945
         Whip              |    74 |    64 |    93 |    27 |       ||   258
         Mace              |       |       |     5 |       |       ||     5
         Morningstar       |       |       |   208 |       |       ||   208
  Throw: Throwing net      |       |       |     3 |     4 |       ||     7
         Dart              |       |       |       |    16 |     9 ||    25
  Evoke: Wand              |       |       |       |     1 |       ||     1
    Use: Scroll            |     3 |     1 |    10 |     6 |     1 ||    21
         Potion            |     2 |       |       |     2 |     3 ||     7
   Stab: Sleeping          |     3 |     1 |       |       |       ||     4
         Held in net/web   |       |       |     2 |     2 |       ||     4
 Armour: Leather armour    |    48 |    32 |   211 |       |       ||   291
         Ring mail         |       |       |    27 |   533 |   251 ||   811
  Dodge: Dodged            |    56 |    17 |   200 |   273 |   121 ||   667
         Repelled          |       |       |       |       |     4 ||     4
  Block: Buckler           |       |       |    10 |   242 |    97 ||   349

Table legend: (Time is in decaauts)
 A = Elapsed time spent in this place.
 B = Non-inter-level travel time spent in this place.
 C = Inter-level travel time spent in this place.
 D = Time resting spent in this place.
 E = Time spent auto-exploring this place.
 F = Levels seen in this place.
 G = Mean time per level.
                   A        B        C        D        E       F      G
               +--------+--------+--------+--------+--------+-----+--------+
         Total |  16799 |  15863 |    936 |   4854 |   8457 |  15 | 1119.9 |
       Dungeon |  16771 |  15862 |    909 |   4854 |   8457 |  14 | 1197.9 |
        Temple |     28 |      1 |     27 |      0 |      0 |   1 |   28.0 |
               +--------+--------+--------+--------+--------+-----+--------+

Top non-repeatable levels by time:
     D:9: 2202 daAuts
    D:13: 1949 daAuts
     D:6: 1699 daAuts
     D:8: 1543 daAuts
    D:11: 1308 daAuts
     D:4: 1162 daAuts
     D:3: 1096 daAuts
    D:12: 1048 daAuts
    D:14: 1020 daAuts
    D:10: 997 daAuts
     D:1: 772 daAuts
     D:7: 769 daAuts
     D:2: 724 daAuts
     D:5: 476 daAuts
  Temple: 28 daAuts
